 Dungeon Crawl Stone Soup version 0.19.0 (webtiles) character file.

91 AlphabetPasta the Chiller (level 4, -8/33 HPs)
             Began as a Draconian Ice Elementalist on Nov 11, 2016.
             Mangled by an ogre
             ... wielding a +0 giant club
              (24 damage)
             ... on level 3 of the Dungeon.
             The game lasted 00:14:10 (1988 turns).

AlphabetPasta the Chiller (DrIE)                    Turns: 1988, Time: 00:14:10

Health: -8/33      AC:  5    Str: 10    XL:     4   Next: 34%
Magic:  0/8        EV: 12    Int: 16    God:
Gold:   158        SH:  0    Dex: 12    Spells: 3 memorised, 3 levels left

rFire  . . .     SeeInvis .     e - +0 spear
rCold  . . .     Gourm    .     (armour unavailable)
rNeg   + . .     Faith    .     (no shield)
rPois  .         Spirit   .     (helmet restricted)
rElec  .         Reflect  .     (no cloak)
rCorr  .         Harm     .     (no gloves)
MR     .....                    (no boots)
Stlth  ++........               (no amulet)
                                (no ring)
                                n - ring of positive energy

@: very slightly contaminated
A: unfitting armour, cold-blooded, AC +5
a: no special abilities


You were on level 3 of the Dungeon.
You were not hungry.

You visited 1 branch of the dungeon, and saw 3 of its levels.

You collected 158 gold pieces.

Inventory:

Hand Weapons
 e - a +0 spear (weapon)
Magical Staves
 l - an uncursed staff of summoning
Jewellery
 n - a ring of positive energy (left hand)
Scrolls
 k - 2 scrolls of fog
 m - a scroll of blinking
 o - a scroll of magic mapping
Potions
 c - a potion of agility
 g - a potion of degeneration {unknown}
 j - a potion of flight {unknown}
Books
 a - a book of Frost

   Spells                             Type                      Level
   a - Freeze                         Ice                          1
   b - Throw Frost                    Conjuration/Ice              2
   c - Ozocubu's Armour               Charms/Ice                   3
   d - Throw Icicle                   Conjuration/Ice              4
   e - Summon Ice Beast               Ice/Summoning                4
Comestibles
 b - 2 bread rations
 d - a beef jerky
 f - a chunk of flesh
 i - 2 meat rations


   Skills:
 - Level 1.7 Dodging
 - Level 1.7 Stealth
 * Level 3.0 Spellcasting
 + Level 1.8 Conjurations
 * Level 4.1 Ice Magic


You had 3 spell levels left.
You knew the following spells:

 Your Spells              Type           Power        Failure   Level  Hunger
a - Freeze                Ice            ###.         4%          1    #......
b - Throw Frost           Conj/Ice       ##....       10%         2    ##.....
c - Ozocubu's Armour      Chrm/Ice       #.......     28%         3    ###....


Dungeon Overview and Level Annotations

Branches:
Dungeon (3/15)

Altars:
Uskayaw


Innate Abilities, Weirdness & Mutations

Your plain brown scales are hard. (AC +5)
You cannot fit into any form of body armour.
You are cold-blooded and may be slowed by cold attacks.


Message History

The ogre is heavily wounded.
Casting: Freeze
Confirm with . or Enter, or press ? or * to list all spells.
Aiming: Freeze
Press: ? - help, Shift-Dir - straight line, f/p - ogre
Aim: an ogre, wielding a giant club (heavily wounded)
You freeze the ogre.
The ogre is heavily wounded.
The ogre hits you with a giant club!
Ouch! That really hurt!
Casting: Freeze
Confirm with . or Enter, or press ? or * to list all spells.
Aiming: Freeze
Press: ? - help, Shift-Dir - straight line, f/p - ogre
Aim: an ogre, wielding a giant club (heavily wounded)
You freeze the ogre.
The ogre is severely wounded.
The ogre hits you with a giant club!!
Ouch! That really hurt!
You die...

#. ##############.
#>..=....).....
#.####.........
#.####.........
#......รท.......
####..............
#..'..............
#@##..............
#O##..............
#.##.........[....
#.................
#..#..............
.................
.........########
.....


You could see an ogre.

Vanquished Creatures
  4 adders
  An ooze (D:2)
  A worm (D:3)
  A dart slug (D:1)
  A leopard gecko (D:2)
  2 ball pythons
  2 giant cockroaches (D:1)
  4 goblins
  5 hobgoblins
  3 jackals (D:1)
  6 bats
  7 frilled lizards
  4 kobolds
  5 rats
46 creatures vanquished.

Notes
Turn   | Place    | Note
-------+----------+-------------------------------------------
     0 | D:1      | AlphabetPasta the Draconian Ice Elementalist began the quest for the Orb.
     0 | D:1      | Reached XP level 1. HP: 14/14 MP: 3/3
   188 | D:1      | Reached XP level 2. HP: 19/20 MP: 1/5
   192 | D:1      | Learned a level 2 spell: Throw Frost
   586 | D:1      | Reached XP level 3. HP: 6/26 MP: 1/6
   591 | D:1      | Learned a level 3 spell: Ozocubu's Armour
  1440 | D:2      | Reached skill level 4 in Ice Magic
  1488 | D:2      | Found a hide-covered altar of Uskayaw.
  1572 | D:2      | Reached XP level 4. HP: 33/33 MP: 4/8
  1947 | D:3      | Noticed an ogre
  1988 | D:3      | Mangled by an ogre

Skill      XL: |  1  2  3  4 |
---------------+-------------+-----
Ice Magic      | 4 |  4.1
Spellcasting   | 3 |  3.0
Dodging        | |  1.7
Stealth        | |  1.7
Conjurations   | |  1.8

Action                   |  1- 3 |  4- 6 || total
-------------------------+-------+-------++-------
Melee: Unarmed           |     4 |       ||     4
       Spear             |    10 |    10 ||    20
 Cast: Freeze            |    56 |    16 ||    72
       Throw Frost       |       |     1 ||     1
  Use: Scroll            |     6 |     4 ||    10
 Stab: Sleeping          |     2 |     2 ||     4
  Eat: Chunk             |     3 |     1 ||     4
Armor: Skin              |    15 |     1 ||    16
Dodge: Dodged            |    44 |    10 ||    54
